 Dungeon Crawl Stone Soup version 0.29-a0-344-ge2f44be95a (webtiles) character file.

Game seed: 1080489341022977453

4 spaghetti the Digger (level 1, -4/13 HPs)
             Began as a Demonspawn Earth Elementalist on Apr 22, 2022.
             Was a Follower of Kikubaaqudgha.
             Slain by a gnoll
             ... wielding a +0 spear
              (5 damage)
             ... on level 1 of the Dungeon.
             The game lasted 00:00:23 (240 turns).

spaghetti the Digger (Demonspawn Earth Elementalist) Turns: 240, Time: 00:00:24

Health: -4/13      AC:  2    Str:  8    XL:     1   Next: 58%
Magic:  0/3        EV: 12    Int: 16    God:    Kikubaaqudgha [*.....]
Gold:   22         SH:  0    Dex: 13    Spells: 3/4 levels left

rFire   . . .      SeeInvis .   (no weapon)
rCold   . . .      Faith    .   (no shield)
rNeg    . . .      Spirit   .   b - +0 robe
rPois   .          Reflect  .   (no helmet)
rElec   .          Harm     .   (no cloak)
rCorr   .          Rampage  .   (no gloves)
Will    .....                   (no boots)
Stlth   ++........              (no amulet)
HPRegen 0.04/turn               (no ring)
MPRegen 0.08/turn               (no ring)

@: very slightly contaminated
A: no striking features
a: Renounce Religion, Receive Corpses


You were on level 1 of the Dungeon.
You worshipped Kikubaaqudgha.
Kikubaaqudgha was aware of your devotion.
You visited 1 branch of the dungeon, and saw 1 of its levels.

You collected 22 gold pieces.


   Skills:
 - Level 1.7 Dodging
 - Level 1.7 Stealth
 - Level 2.0 Spellcasting
 - Level 0.8 Transmutations
 + Level 3.0 Earth Magic


You had 3 spell levels left.
You knew the following spells:

 Your Spells              Type           Power      Damage    Failure   Level
a - Sandblast             Erth           22%        2d7       6%          1

Your spell library contained the following spells:

 Spells                   Type           Power      Damage    Failure   Level
 Passwall                 Tmut/Erth      5%         N/A       14%         2
 Animate Skeleton         Necr           2%         N/A       21%         1
 Pain                     Necr           4%         1d4       21%         1
 Corpse Rot               Necr/Air       2%         N/A       30%         2
 Stone Arrow              Conj/Erth      12%        3d7       32%         3
 Petrify                  Tmut/Erth      7%         N/A       67%         4
 Agony                    Necr           1%         N/A       99%         5

Inventory:

Hand Weapons
 f - a +0 dagger {short}
   (You took it off a kobold on level 1 of the Dungeon)
Missiles
 a - 26 stones {throwing}
Armour
 b - a +0 robe (worn)
Potions
 c - a potion of magic
 d - a potion of mutation {unknown}
 e - a potion of curing {unknown}

Dungeon Overview and Level Annotations

Branches:
Dungeon (1/15)

Altars:
Kikubaaqudgha

_#.P...## .# ##.P.### #
#PP..# #....# ###.## ##
###.######## ..
......>....# .#
###.######.#######g.####
##..............@.......
....######.#######..###.
###.# ###.#........#
#.####......####..##
#......###..####....
######.# #.......#
#.###.####### #.....#
#######


You could see a gnoll.


Message History

Confirm with . or Enter, or press ? or * to list all spells.
Aiming: Sandblast (safe; 7% risk of failure)
Press: ? - help, Shift-Dir - straight line, f - dart slug
Aim: a dart slug (100% to hit)
The blast of sand hits the dart slug! 😎 MP[-1]
You lost 1 mp, and now have 2/3 mp.
Casting: Sandblast (safe; 7% risk of failure)
Confirm with . or Enter, or press ? or * to list all spells.
Aiming: Sandblast (safe; 7% risk of failure)
Press: ? - help, Shift-Dir - straight line, f/p - dart slug
Aim: a dart slug (almost dead, 100% to hit)
The blast of sand hits the dart slug!
You kill the dart slug!
Kikubaaqudgha accepts your kill. 😎 MP[-1]
You lost 1 mp, and now have 1/3 mp.
Key pressed, stopping explore.
There is a fountain of clear blue water here.
You now have 22 gold pieces (gained 10).
You see here a +0 scale mail.
Key pressed, stopping explore.
Key pressed, stopping explore.
A frilled lizard comes into view. 😎 MP[+2]
Your mp is fully restored (3).
A frilled lizard is nearby!
Casting: Sandblast (safe; 6% risk of failure)
Confirm with . or Enter, or press ? or * to list all spells.
Aiming: Sandblast (safe; 6% risk of failure)
Press: ? - help, Shift-Dir - straight line, f - frilled lizard
Aim: a frilled lizard (asleep, 100% to hit)
The blast of sand hits the frilled lizard!
You kill the frilled lizard!
Kikubaaqudgha accepts your kill.
Your Earth Magic skill increases to level 3! 😎 MP[-1]
You lost 1 mp, and now have 2/3 mp.
A ball python comes into view.
Found a stone staircase leading down. 😎 MP[+1]
Your mp is fully restored (3).
A ball python is nearby!
A ball python is nearby!
A ball python is nearby!
A ball python is nearby!
The ball python bites you.
The ball python barely misses you. 😕 HP[-2]
You take 2 damage, and now have 11/13 hp.
Casting: Sandblast (safe; 6% risk of failure)
Confirm with . or Enter, or press ? or * to list all spells.
Aiming: Sandblast (safe; 6% risk of failure)
Press: ? - help, Shift-Dir - straight line, f - ball python
Aim: a ball python (77% to hit)
The blast of sand hits the ball python!
You kill the ball python!
Kikubaaqudgha accepts your kill. 😕 MP[-1]
You lost 1 mp, and now have 2/3 mp.
Key pressed, stopping explore.
Key pressed, stopping explore.
A gnoll comes into view. It is wielding a +0 spear.
The gnoll shouts! 😎 HP[+2] MP[+1]
Your hp is fully restored (13).
Your mp is fully restored (3).
A gnoll is nearby!
Casting: Sandblast (safe; 6% risk of failure)
Confirm with . or Enter, or press ? or * to list all spells.
Aiming: Sandblast (safe; 6% risk of failure)
Press: ? - help, Shift-Dir - straight line, f - gnoll
Aim: a gnoll, wielding a +0 spear (82% to hit)
The blast of sand hits the gnoll.
The gnoll hits you from afar with a +0 spear. 😮 HP[-6] MP[-1]
You take 6 damage, and now have 7/13 hp.
MASSIVE DAMAGE!! (PAUSE)
You lost 1 mp, and now have 2/3 mp.
Casting: Sandblast (safe; 6% risk of failure)
Confirm with . or Enter, or press ? or * to list all spells.
Aiming: Sandblast (safe; 6% risk of failure)
Press: ? - help, Shift-Dir - straight line, f/p - gnoll
Aim: a gnoll, wielding a +0 spear (moderately wounded, 82% to hit)
You miscast Sandblast.
You are very lightly contaminated with residual magic.
Nothing appears to happen.
The gnoll hits you from afar with a +0 spear.
* * * LOW HITPOINT WARNING * * *
😱 HP[-6] MP[-1]
You take 6 damage, and now have 1/13 hp.
MASSIVE DAMAGE!! (PAUSE)
You lost 1 mp, and now have 1/3 mp.
Casting: Sandblast (safe; 6% risk of failure)
Confirm with . or Enter, or press ? or * to list all spells.
Aiming: Sandblast (safe; 6% risk of failure)
Press: ? - help, Shift-Dir - straight line, f/p - gnoll
Aim: a gnoll, wielding a +0 spear (moderately wounded, 82% to hit)
The blast of sand hits the gnoll.
The gnoll hits you from afar with a +0 spear.
You die...
Kikubaaqudgha rasps: "You have failed me!
Welcome... death!"

Skill      XL: |  1 |
---------------+----+-----
Earth Magic    | 3 |  3.0
Dodging        | |  1.7
Stealth        | |  1.7
Spellcasting   | |  2.0
Transmutations | |  0.8

Action                   || total
-------------------------++-------
 Cast: Sandblast         ||     7
Dodge: Dodged            ||     1

Levels and vault maps discovered:
D:1:      minmay_arrival_diagonal_passages, layout_loops_ring,
          shapermc_ecumenical_altar_mp_ritualfount, minmay_unequal

Notes
Turn   | Place    | Note
-------+----------+-------------------------------------------
     0 | D:1      | spaghetti the Demonspawn Earth Elementalist began the quest
                  | for the Orb.
     0 | D:1      | Reached XP level 1. HP: 13/13 MP: 3/3
     0 | D:1      | magus.rc [v1.9.6]
    84 | D:1      | Found a faded altar of an unknown god.
    89 | D:1      | Prayed at the altar of an unknown god.
    89 | D:1      | Became a worshipper of Kikubaaqudgha
    89 | D:1      | Reached * piety under Kikubaaqudgha
    89 | D:1      | You add the spells Animate Skeleton, Pain, Corpse Rot and
                  | Agony to your library.
    89 | D:1      | Received a gift from Kikubaaqudgha
   154 | D:1      | Reached skill level 3 in Earth Magic
   239 | D:1      | HP: 1/13 [gnoll/+0 spear (6)]
   240 | D:1      | Slain by a gnoll

Vanquished Creatures
  A dart slug (D:1)
  A ball python (D:1)
  A frilled lizard (D:1)
  A kobold (D:1)
4 creatures vanquished.

Table legend:
 A = Non-vault XP
 B = Vault XP
 C = Vault XP percentage of total XP
 D = Non-vault monster count
 E = Vault monster count
 F = Vault count percentage of total count
                 A         B        C        D         E       F
            +---------+---------+-------+---------+---------+-------
      Total |       7 |       0 |   0.0 |       4 |       0 |   0.0
            +---------+---------+-------+---------+---------+-------
        D:1 |       7 |       0 |   0.0 |       4 |       0 |   0.0
            +---------+---------+-------+---------+---------+-------

Illustrated notes

Table legend:
 A = Kills in this place as a percentage of kills in entire the game.
 B = Kills by you in this place as a percentage of kills by you in the entire game.
 C = Kills by friends in this place as a percentage of kills by friends in the entire game.
 D = Other kills in this place as a percentage of other kills in the entire game.
 E = Experience gained in this place as a percentage of experience gained in the entire game.
 F = Experience gained in this place divided by the number of levels of this place that you have seen.
                   A       B       C       D       E      F
               +-------+-------+-------+-------+-------+----------------------
         Total | 100.0 | 100.0 |   N/A |   N/A | 100.0 |   7.0
       Dungeon | 100.0 | 100.0 |   N/A |   N/A | 100.0 |   7.0
               +-------+-------+-------+-------+-------+----------------------

Table legend: (Time is in decaauts)
 A = Elapsed time spent in this place.
 B = Non-inter-level travel time spent in this place.
 C = Inter-level travel time spent in this place.
 D = Time resting spent in this place.
 E = Time spent auto-exploring this place.
 F = Levels seen in this place.
 G = Mean time per level.
                   A        B        C        D        E       F      G
               +--------+--------+--------+--------+--------+-----+--------+
         Total |    240 |    240 |      0 |      0 |    213 |   1 |  240.0 |
       Dungeon |    240 |    240 |      0 |      0 |    213 |   1 |  240.0 |
               +--------+--------+--------+--------+--------+-----+--------+

Top non-repeatable levels by time:
     D:1: 240 daAuts
